 Dungeon Crawl Stone Soup version 0.17.1-3-g152610e (webtiles) character file.

786 pipel the Skirmisher (level 7, -3/38 HPs)
             Began as a Vine Stalker Berserker on Mar 20, 2016.
             Was a Believer of Trog.
             Slain by a wolf (8 damage)
             ... led by Grum
             ... on level 7 of the Dungeon.
             The game lasted 00:11:15 (1018 turns).

pipel the Skirmisher (Vine Stalker Berserker)       Turns: 1018, Time: 00:11:15

Health: -3/38      AC:  7    Str: 22    XL:     7   Next: 86%
Magic:  0/8        EV: 12    Int:  7    God:    Trog [**....]
Gold:   113        SH:  6    Dex: 13    Spells: 0 memorised, 6 levels left

rFire  . . .     SeeInvis .     a - +0 mace
rCold  . . .     Clarity  .     r - +0 ring mail
rNeg   . . .     SustAt   .     k - +2 buckler
rPois  .         Gourm    .     (no helmet)
rElec  .         Spirit   +     w - +1 cloak
rCorr  .         Warding  .     (no gloves)
rMut   .         Rnd*Tele +     (no boots)
MR     .....                    (no amulet)
Stlth  +.........               (no ring)
                                q - ring of teleportation (curse)

@: exhausted, about to teleport, slowed, very slow, not resistant to hostile
enchantments, very unstealthy
A: fangs 2, regeneration 2, magic shield, antimagic bite, no device heal 3, rot
immunity
a: Berserk, Trog's Hand, Burn Spellbooks, Renounce Religion, Evoke Teleportation


You were on level 7 of the Dungeon.
You worshipped Trog.
Trog was pleased with you.
You were hungry.

You visited 1 branch of the dungeon, and saw 8 of its levels.

You collected 113 gold pieces.

Inventory:

Hand Weapons
 a - a +0 mace (weapon)
Armour
 b - a +0 animal skin
 i - a +0 cloak
 k - a +2 buckler (worn)
 r - a +0 ring mail (worn)
 w - a +1 cloak (worn)
Jewellery
 q - a cursed ring of teleportation (left hand)
Wands
 v - a wand of polymorph (16)
Scrolls
 h - a scroll of teleportation
 j - 3 scrolls of remove curse {unknown}
 l - a scroll of enchant armour {unknown}
 p - a scroll of magic mapping {unknown}
 t - a scroll of fear
Potions
 e - a potion of curing
 g - 2 potions of might {unknown}
 m - 4 potions of agility {unknown}
 n - a potion of berserk rage {unknown}
 o - 2 potions of mutation {unknown}
 u - a potion of cure mutation {unknown}
Books
 d - a book of Envenomations

   Spells                             Type                      Level
   a - Spider Form                    Transmutation/Poison         3
   b - Alistair's Intoxication        Transmutation/Poison         4
   c - Olgreb's Toxic Radiance        Poison                       4
   d - Poisonous Cloud                Conjuration/Poison/Air       6
   Trog disapproves of the use of such an item.
Comestibles
 c - 2 bread rations
 f - a slice of pizza
 x - a beef jerky


   Skills:
 + Level 4.8 Fighting
 + Level 4.6 Maces & Flails
 + Level 2.7 Armour
 + Level 4.1 Dodging
 + Level 1.7 Shields


You had 6 spell levels left.
You didn't know any spells.

Dungeon Overview and Level Annotations

Branches:
Dungeon (8/15)
 Temple: D:4-7         Lair: D:8-11

Altars:
Ashenzari
Ru
Trog

Annotations:
D:8 Grum


Innate Abilities, Weirdness & Mutations

You have extremely sharp teeth.
You heal very quickly.
When hurt, damage is shared between your health and your magic reserves.
Your bite disrupts and absorbs the magic of your enemies.
Potions and wands cannot restore your health.
You are immune to rotting.


Message History

The wolf bites you.
The orc priest casts a cantrip, but nothing happens.
The wolf bites you. The wolf barely misses you. You block the wolf's attack.
The wolf barely misses you.
There is a stone staircase leading up here.
Grum growls angrily.
The wolf bites you! The wolf closely misses you. The wolf bites you.
The wolf bites you.
The orc priest invokes the aid of Beogh against you.
Something smites you!
* * * LOW HITPOINT WARNING * * *
You climb upwards.
There is a stone staircase leading down here.
Read which item? (? for menu, Esc to quit)
As you read the scroll labeled BIF VU GIRPHU, it crumbles to dust.
You feel strangely unstable.
It was a scroll of teleportation.
The wolf bites you but does no damage. The wolf barely misses you.
The wolf barely misses you. You block the wolf's attack.
You block the wolf's attack. The wolf bites you!
You die...

##......##...
#...########.
##..## #. #(.##
#. # ##..# #..
#.# #..## #..#
#...########..#
#..#
#.).$....h...##
#.#
......)..@h.##
.#
##......#####
####..## ##. ##


You could see 2 wolves.

Vanquished Creatures
  2 black bears (D:7)
  2 ogres
  A centaur (D:7)
  A wyvern skeleton (D:6)
  A crimson imp (D:5)
  A hound (D:4)
  3 orc priests
  Ijyb (D:2)
  A giant frog skeleton (D:5)
  An orc wizard (D:6)
  A worker ant (D:4)
  2 adders
  A worm (D:4)
  18 orcs
  5 bats
  2 giant cockroaches
  2 hobgoblins (D:2)
  2 quokkas
  A giant newt (D:6)
  4 goblins
  2 jackals (D:7)
  A rat (D:1)
55 creatures vanquished.

Vanquished Creatures (others)
  An ogre (D:7)
  A giant gecko (D:7)
  2 jackals (D:7)
  A quokka (D:7)
5 creatures vanquished.

Grand Total: 60 creatures vanquished

Notes
Turn   | Place    | Note
--------------------------------------------------------------
     0 | D:1      | pipel the Vine Stalker Berserker began the quest for the Orb.
     0 | D:1      | Reached XP level 1. HP: 11/11 MP: 2/2
   187 | D:2      | Found a sacrificial altar of Ru.
   243 | D:2      | Noticed Ijyb
   254 | D:2      | Killed Ijyb
   254 | D:2      | Reached skill level 3 in Fighting
   254 | D:2      | Reached XP level 2. HP: 16/16 MP: 3/3
   254 | D:2      | Reached XP level 3. HP: 20/20 MP: 4/4
   327 | D:3      | HP: 1/20 [goblin/club (1)]
   425 | D:4      | Reached XP level 4. HP: 24/24 MP: 5/5
   461 | D:4      | Reached ** piety under Trog
   489 | D:4      | Noticed an ogre
   493 | D:4      | Killed an ogre
   493 | D:4      | Reached XP level 5. HP: 24/29 MP: 6/6
   498 | D:4      | Reached skill level 4 in Fighting
   507 | D:4      | Found a shattered altar of Ashenzari.
   607 | D:5      | Entered Level 5 of the Dungeon
   615 | D:5      | Gained mutation: You heal very quickly. [Vine Stalker growth]
   615 | D:5      | Reached XP level 6. HP: 28/33 MP: 7/7
   733 | D:6      | Reached skill level 1 in Shields
   784 | D:7      | Reached XP level 7. HP: 27/38 MP: 6/8
   851 | D:7      | Found a bloodstained altar of Trog.
  1009 | D:8      | Noticed Grum
  1018 | D:7      | Slain by a wolf

Action                   |  1- 3 |  4- 6 |  7- 9 || total
-------------------------+-------+-------+-------++-------
Melee: Mace              |    53 |    72 |    42 ||   167
Invok: Berserk           |     2 |     2 |     3 ||     7
  Use: Potion            |     2 |       |       ||     2
       Scroll            |       |     1 |     1 ||     2
  Eat: Chunk             |       |     4 |     3 ||     7
